AoeStats
← makoto11037090411

Arabia

510517366Analyzed
1v1 RM · 1d ago on Oct 1, 2026· 19m 4s· 2 players
Game mode
Random Map
Map size
Tiny (2 player)
Population
200
Speed
Normal
Resources
Standard
Victory
Conquest
Starting age
Dark Age
Ending age
Imperial Age
RankedLock teamsTeams togetherTeam positionsShared explorationLock speedFull tech treeHidden civsTurbo modeCheats
Victory
Defeat
🇨🇳 Goths · China
1391
+13
🇹🇷 Romans · Türkiye
1326
-13
Yeis Sensura
3:53 Loom
7:11 Loom
9:25 Feudal Age
9:36 Man-at-Arms
11:06 Scale Mail Armor
12:49 Double-Bit Axe
makoto11037090411
1:53 Loom
8:55 Feudal Age
9:09 Man-at-Arms
13:17 Double-Bit Axe
18:36 Scale Mail Armor
Connection lost

Rejoining the realm…

Still unreachable

The connection could not be restored.

Session expired

The server has moved on; the page needs a fresh start.